 Dungeon Crawl Stone Soup version 0.25.1-2-g60ff931df9 (webtiles) character file.

Game seed: 6871533680372698728

423 Almogavar the Slinger (level 7, -4/45 HPs)
             Began as a Halfling Hunter on Sept 20, 2020.
             Slain by an ice beast (6 damage)
             ... on level 5 of the Dungeon.
             The game lasted 00:15:41 (3924 turns).

Almogavar the Slinger (Halfling Hunter)             Turns: 3924, Time: 00:15:41

Health: -4/45      AC:  3    Str: 14    XL:     7   Next: 17%
Magic:  7/7        EV: 15    Int:  9    God:
Gold:   193        SH:  0    Dex: 16    Spells: 6/6 levels left

rFire    . . .     SeeInvis .   a - +1 hunting sling
rCold    . . .     Gourm    .   (shield restricted)
rNeg     + . .     Faith    .   c - +0 leather armour
rPois    .         Spirit   .   k - +0 hat
rElec    .         Reflect  .   (no cloak)
rCorr    .         Harm     .   (no gloves)
MR       +....                  (no boots)
Stlth    ++........             (no amulet)
HPRegen  0.15/turn              o - ring of Trepidation {rN+ MR+}
MPRegen  0.10/turn              (no ring)

@: no status effects
A: small, mutation resistance 1
a: no special abilities


You were on level 5 of the Dungeon.
You were not hungry.

You visited 1 branch of the dungeon, and saw 5 of its levels.

You collected 193 gold pieces.

Inventory:

Hand Weapons
 a - a +1 hunting sling (weapon)
 b - a +0 short sword
Missiles
 g - 38 sling bullets (quivered)
 m - 81 stones
Armour
 c - a +0 leather armour (worn)
 h - a +0 scale mail
 k - a +0 hat (worn)
 q - a +0 kite shield
Jewellery
 o - the ring of Trepidation (left hand) {rN+ MR+}
   (You found it on level 4 of the Dungeon)

   [ring of protection from magic]

   It protects you from negative energy.
   It affects your resistance to hostile enchantments.
Wands
 j - a wand of polymorph (10)
Scrolls
 e - a scroll of amnesia
 l - 4 scrolls of identify
 n - 3 scrolls of remove curse
Potions
 d - a potion of curing
 i - 2 potions of mutation
Comestibles
 f - 8 rations
 p - 3 chunks of flesh


   Skills:
 + Level 2.9 Fighting
 + Level 2.8 Short Blades
 + Level 9.1 Slings
 + Level 2.1 Armour
 + Level 3.0 Dodging
 + Level 1.6 Stealth


You had 6 spell levels left.
You didn't know any spells.
Your spell library contained the following spells:

 Spells                   Type           Power        Failure   Level  Hunger
 Animate Skeleton         Necr           N/A          45%         1    ##.....
 Apportation              Tloc           #.....       45%         1    ##.....
 Beastly Appendage        Tmut           #.....       45%         1    ##.....
 Corona                   Hex            #......      45%         1    ##.....
 Summon Small Mammal      Summ           #...         45%         1    ##.....
 Sticks to Snakes         Tmut           #.......     58%         2    ###....
 Spider Form              Tmut/Pois      #.........   83%         3    ####...
 Ice Form                 Ice/Tmut       #.......     99%         4    #####..
 Blade Hands              Tmut           #.........   100%        5    ######.


Dungeon Overview and Level Annotations

Branches:
Dungeon (5/15)
 Temple: D:4-7

Altars:
Makhleb

Shops:
D:5 [


Innate Abilities, Weirdness & Mutations

You are small and have problems with some larger weapons.
You are somewhat resistant to further mutation.


Message History

The ice beast is almost dead.
The ice beast hits you but does no damage.
Firing (i - inventory. (/) - cycle)
g - 40 sling bullets (quivered)
Press: ? - help, Shift-Dir - straight line, f/p - ice beast
Aim: an ice beast (almost dead)
You shoot a sling bullet.
The sling bullet closely misses the ice beast.
The ice beast hits you.
* * * LOW HITPOINT WARNING * * *
The ice beast freezes you.
* * * LOW HITPOINT WARNING * * *
Firing (i - inventory. (/) - cycle)
g - 39 sling bullets (quivered)
Press: ? - help, Shift-Dir - straight line, f/p - ice beast
Aim: an ice beast (almost dead)
You shoot a sling bullet.
The sling bullet barely misses the ice beast.
The ice beast hits you.
* * * LOW HITPOINT WARNING * * *
The ice beast freezes you.
You die...

#....#(.>((..
..........(.
..........
........
#....( ....
.<<####Y###
...((..@.<#
!.∩###....#
#.#..# #.####
#. #. #. ##


You could see an ice beast.

Vanquished Creatures
  A scorpion (D:4)
  A howler monkey (D:4)
  An orc priest (D:4)
  An orc wizard (D:4)
  3 worker ants (D:4)
  An iguana (D:4)
  A howler monkey skeleton (D:5)
  6 adders
  2 oozes (D:2)
  An adder skeleton (D:4)
  A worm (D:1)
  A dart slug (D:1)
  4 leopard geckos
  14 orcs
  8 bats
  3 giant cockroaches
  6 goblins
  8 hobgoblins
  11 jackals
  3 kobolds
  2 quokkas (D:3)
  2 frilled lizards
  A quokka skeleton (D:4)
  7 rats
89 creatures vanquished.

Notes
Turn   | Place    | Note
-------+----------+-------------------------------------------
     0 | D:1      | Almogavar the Halfling Hunter began the quest for the Orb.
     0 | D:1      | Reached XP level 1. HP: 14/14 MP: 1/1
    28 | D:1      | Reached skill level 6 in Slings
   139 | D:1      | Reached XP level 2. HP: 19/19 MP: 2/2
   457 | D:1      | Reached XP level 3. HP: 24/24 MP: 3/3
   874 | D:1      | HP: 1/24 [worm (11)]
  1179 | D:2      | Reached skill level 1 in Short Blades
  1325 | D:2      | Reached skill level 7 in Slings
  1382 | D:2      | Reached XP level 4. HP: 29/29 MP: 4/4
  1462 | D:2      | Found a faded altar of an unknown god.
  1464 | D:2      | You fall into a shaft and drop 2 floors!
  1549 | D:4      | Reached XP level 5. HP: 34/34 MP: 5/5
  1553 | D:4      | Reached skill level 1 in Armour
  1586 | D:4      | Reached XP level 6. HP: 11/41 MP: 6/6
  1914 | D:4      | Got a faintly glowing steel ring
  1915 | D:4      | Identified the ring of Trepidation {rN+ MR+} (You found it
                  | on level 4 of the Dungeon)
  1952 | D:4      | Reached skill level 8 in Slings
  3468 | D:4      | Reached XP level 7. HP: 29/45 MP: 7/7
  3721 | D:4      | Reached skill level 9 in Slings
  3869 | D:4      | Found a burning altar of Makhleb.
  3895 | D:5      | Entered Level 5 of the Dungeon
  3895 | D:5      | Found Counim's Armour Shop.
  3924 | D:5      | HP: 2/45 [ice beast (1)]
  3924 | D:5      | Slain by an ice beast

Illustrated notes

Levels and vault maps discovered:
D:1:      scummos_arrival_simple_crosswalls, layout_loops_corners
D:2:      layout_rooms, chequers_ecumenical_altar_simple
D:3:      layout_rooms, first_ration, minmay_fractal_squares_diagonal_5
D:4:      layout_loops_ring, marbit_many_paths
D:5:      layout_basic, lemuel_doored_altar, minmay_temple_entry_antechambers,
          serial_shops, nicolae_shop_window_shopping, shop, shop, shop_statue,
          shop, uniq_pikel, uniq_duvessa, uniq_menkaure

Skill      XL: |  1  2  3  4  5  6  7 |
---------------+----------------------+-----
Slings         | 6 7 8 9 |  9.1
Fighting       | 2 |  2.9
Short Blades   | 1 2 |  2.8
Armour         | 1 2 |  2.1
Dodging        | 3 |  3.0
Stealth        | |  1.6

Action                   |  1- 3 |  4- 6 |  7- 9 || total
-------------------------+-------+-------+-------++-------
Melee: Short sword       |    49 |    55 |       ||   104
 Fire: Hunting sling     |    52 |   165 |    43 ||   260
  Use: Scroll            |     1 |     3 |     1 ||     5
       Potion            |       |     6 |       ||     6
  Eat: Chunk             |     1 |     5 |       ||     6
       Ration            |       |     1 |       ||     1
Armor: Leather armour    |    17 |     7 |     3 ||    27
Dodge: Dodged            |    40 |    73 |     9 ||   122
